 Dungeon Crawl Stone Soup version 0.22.1-1-ga44c0e5 (webtiles) character file.

448 Ghost6211 the Shield-Bearer (level 6, -10/56 HPs)
             Began as a Minotaur Fighter on Sept 21, 2018.
             Mangled by a mummy (11 damage)
             ... in an ossuary.
             The game lasted 00:05:11 (2973 turns).

Ghost6211 the Shield-Bearer (Minotaur Fighter)      Turns: 2973, Time: 00:05:11

Health: -10/56     AC:  6    Str: 23    XL:     6   Next: 73%
Magic:  5/5        EV:  8    Int:  5    God:
Gold:   252        SH: 10    Dex:  9    Spells: 5/5 levels left

rFire    . . .     SeeInvis .   a - +0 flail
rCold    . . .     Gourm    .   c - +0 shield
rNeg     . . .     Faith    .   b - +0 scale mail
rPois    .         Spirit   .   (helmet restricted)
rElec    .         Reflect  .   (no cloak)
rCorr    .         Harm     .   (no gloves)
MR       .....                  (no boots)
Stlth    ..........             (no amulet)
HPRegen  0.18/turn              (no ring)
MPRegen  0.09/turn              (no ring)

@: about to teleport, marked
A: retaliatory headbutt, horns 2
a: no special abilities


You were in an ossuary.
You were not hungry.

You visited 1 branch of the dungeon, and saw 4 of its levels.
You also visited: Ossuary.

You collected 252 gold pieces.

Inventory:

Hand Weapons
 a - a +0 flail (weapon)
Missiles
 i - 190 stones (quivered)
Armour
 b - a +0 scale mail (worn)
 c - a +0 shield (worn)
Jewellery
 o - an uncursed ring of see invisible {unknown}
Scrolls
 e - 3 scrolls of remove curse {unknown}
 h - 5 scrolls of identify
Potions
 d - 4 potions of might
 g - a potion of haste
 k - a potion of curing {unknown}
 l - a potion of degeneration {unknown}
Comestibles
 f - 5 rations


   Skills:
 + Level 5.5 Fighting
 + Level 4.8 Maces & Flails
 - Level 3.6 Armour
 * Level 7.0 Shields


You had 5 spell levels left.
You didn't know any spells.
Your spell library contained the following spells:

 Spells                   Type           Power        Failure   Level  Hunger
 Cause Fear               Hex            #.........   100%        4    #####..
 Silence                  Hex/Air        #.........   100%        5    ######.
 Yara's Violent Unravell  Hex/Tmut       #.........   100%        5    ######.
 Deflect Missiles         Chrm/Air       #.........   100%        6    #######
 Discord                  Hex            #.........   100%        8    #######


Dungeon Overview and Level Annotations

Branches:
Dungeon (4/15)
 Temple: D:4-7

Altars:


Innate Abilities, Weirdness & Mutations

You reflexively headbutt those who attack you in melee.
You have a pair of horns on your head.


Message History

The centaur zombie barely misses you. You furiously retaliate!
You headbutt the centaur zombie!
As you read the scroll labeled LASHRE COYQ, it crumbles to dust.
You hear a very strange noise.
It was a scroll of random uselessness.
The centaur zombie barely misses you. The human zombie hits you.
* * * LOW HITPOINT WARNING * * *
The mummy closely misses you.
As you read the scroll labeled WUSUNIUPPYA, it crumbles to dust.
The scroll dissolves into smoke.
It was a scroll of fog.
The centaur zombie hits you.
* * * LOW HITPOINT WARNING * * *
The rat zombie bites you but does no damage.
An orc zombie comes into view.
You block the human zombie's attack.
As you read the scroll labeled VETZUI EFOA, it crumbles to dust.
You feel strangely unstable.
It was a scroll of teleportation.
You block the centaur zombie's attack. You block the rat zombie's attack.
The mummy hits you!
You die... .##############...# .#...# #...# .#...## #...# ####'.... #...# #...Z.∩.# #...# #.......# #...# #.ZZZZZ.#

#...#
#.ZZZMZ.####.#...#
#.ZM@ZZZ.....#...#
#.####ZZ####.#...#
#^.# #...# #..#
#...#
..######..######...#
...................#
.......8..8........#
...................#
...................#


You could see 2 mummies, a rat zombie, a jackal zombie, a hobgoblin zombie, 3
kobold zombies, 2 orc zombies, 2 elf zombies, a centaur zombie and 2 human
zombies.

Vanquished Creatures
  A phantom (D:4)
  A human zombie (Ossuary)
  A bullfrog skeleton (D:4)
  4 worker ants
  9 adders
  3 gnolls (D:3)
  A worm (D:2)
  A dart slug (D:1)
  6 leopard geckos
  An orc (D:3)
  8 giant cockroaches
  11 goblins
  6 hobgoblins
  3 jackals (D:2)
  13 kobolds
  A quokka (D:3)
  9 bats
  3 frilled lizards
  A goblin zombie (Ossuary)
  7 hobgoblin zombies (Ossuary)
  A jackal zombie (Ossuary)
  3 kobold zombies (Ossuary)
  7 orc zombies (Ossuary)
  5 rats
106 creatures vanquished.

Notes
Turn   | Place    | Note
-------+----------+-------------------------------------------
     0 | D:1      | Ghost6211 the Minotaur Fighter began the quest for the Orb.
     0 | D:1      | Reached XP level 1. HP: 19/19 MP: 0/0
    71 | D:1      | Reached skill level 4 in Shields
    72 | D:1      | Reached XP level 2. HP: 18/27 MP: 1/1
   485 | D:1      | Reached XP level 3. HP: 33/33 MP: 2/2
   847 | D:2      | Reached skill level 5 in Shields
   847 | D:2      | Reached XP level 4. HP: 11/41 MP: 3/3
  1946 | D:3      | Reached XP level 5. HP: 42/47 MP: 4/4
  2231 | D:3      | Reached skill level 6 in Shields
  2241 | D:3      | Reached skill level 5 in Fighting
  2685 | D:4      | Reached XP level 6. HP: 56/56 MP: 5/5
  2854 | D:4      | Found a sand-covered staircase.
  2893 | Ossuary  | Entered an ossuary
  2966 | Ossuary  | Reached skill level 7 in Shields
  2972 | Ossuary  | HP: 1/56 [centaur zombie (5)]
  2973 | Ossuary  | Mangled by a mummy

Skill      XL: |  1  2  3  4  5  6 |
---------------+-------------------+-----
Shields        | 4 5 6 7 |  7.0
Fighting       | 4 5 |  5.5
Maces & Flails | 3 4 |  4.8
Armour         | |  3.6

Action                   |  1- 3 |  4- 6 || total
-------------------------+-------+-------++-------
Melee: Flail             |    97 |   191 ||   288
       Headbutt          |    14 |    29 ||    43
  Use: Scroll            |       |     4 ||     4
  Eat: Ration            |       |     2 ||     2
Armor: Scale mail        |    46 |    69 ||   115
Dodge: Dodged            |    36 |    76 ||   112
Block: Shield            |    57 |   128 ||   185
